 Dungeon Crawl Stone Soup version 0.23-a0-767-gdc19b93 (console) character file.

154 bli the Poker (level 5, -1/44 HPs)
             Began as a Merfolk Abyssal Knight on Jan 19, 2019.
             Was a Believer of Lugonu.
             Slain by an orc
             ... wielding a +0 hand axe
              (5 damage)
             ... on level 4 of the Dungeon.
             The game lasted 00:10:21 (2651 turns).

bli the Poker (Merfolk Abyssal Knight)              Turns: 2651, Time: 00:10:22

Health: -1/44      AC:  6    Str: 12    XL:     5   Next: 35%
Magic:  6/6        EV: 13    Int: 12    God:    Lugonu [**....]
Gold:   110        SH:  0    Dex: 14    Spells: 4/4 levels left

rFire    + . .     SeeInvis .   a - +1 spear
rCold    x . .     Gourm    .   (no shield)
rNeg     . . .     Faith    .   b - +0 leather armour
rPois    .         Spirit   .   u - +2 helmet
rElec    .         Reflect  .   (no cloak)
rCorr    .         Harm     .   (no gloves)
MR       .....                  (no boots)
Stlth    +.........             j - amulet of rage
HPRegen  0.14/turn              d - ring of fire
MPRegen  0.10/turn              (no ring)

@: no status effects
A: change form in water, swift swim, stealthy swim
a: Depart the Abyss, Bend Space, Renounce Religion, Evoke Berserk Rage


You were on level 4 of the Dungeon.
You worshipped Lugonu.
Lugonu was pleased with you.
You were hungry.

You visited 1 branch of the dungeon, and saw 4 of its levels.
You visited the Abyss 1 time.

You collected 110 gold pieces.

Inventory:

Hand Weapons
 a - a +1 spear (weapon)
Missiles
 f - 5 needles of paralysis
 h - 101 stones (quivered)
 i - 7 tomahawks
 v - 15 poisoned needles
Armour
 b - a +0 leather armour (worn)
 u - a +2 helmet (worn)
Jewellery
 d - a ring of fire (left hand)
 j - an amulet of rage (around neck)
Wands
 w - a wand of iceblast (10)
Scrolls
 e - 2 scrolls of blinking {unknown}
 p - 3 scrolls of fog {unknown}
 q - 2 scrolls of remove curse {unknown}
 r - 2 scrolls of identify {unknown}
 s - 2 scrolls of noise {unknown}
Potions
 g - a potion of flight {unknown}
 k - a potion of heal wounds {unknown}
 l - a potion of might {unknown}
 m - a potion of berserk rage {unknown}
 n - 2 potions of curing {unknown}
 o - 2 potions of haste {unknown}
 t - a potion of magic {unknown}
Comestibles
 c - 6 rations


   Skills:
 * Level 5.0 Fighting
 + Level 5.3 Polearms
 + Level 0.1 Throwing
 - Level 1.0 Armour
 + Level 3.3 Dodging
 - Level 2.0 Invocations


You had 4 spell levels left.
You didn't know any spells.
Your spell library was empty.

Dungeon Overview and Level Annotations

Branches:
Dungeon (4/15)
 Temple: D:4-7

Altars:
Fedhas
Makhleb
Nemelex Xobeh
Wu Jian
Yredelemnul
Zin

Shops:
D:2 *


Message History

The orc priest hits you with a +0 dagger.
* * * LOW HITPOINT WARNING * * *
The orc wizard gestures at you while chanting.
The magic dart hits you!
* * * LOW HITPOINT WARNING * * *
You hear a shout!
Your legs become a tail as you enter the water.
The orc priest hits you but does no damage.
You hit the orc priest. You tail-slap the orc priest.
You kill the orc priest!
Lugonu accepts your kill.
Your Fighting skill increases to level 5!
The orc wizard hits you but does no damage.
The orc closely misses you.
You barely miss the orc wizard.
The orc wizard is lightly wounded.
The orc wizard misses you. The orc closely misses you.
The orc barely misses you. The orc wizard casts a spell at you.
The puff of flame hits you! The orc hits you but does no damage.
The orc hits you with a +0 hand axe.
You die...

..# #.... ..
#######..... .#
#........... .#
##)......... .# .##.#
#........≈≈ .# .P..#
##.......≈.. .#
.#..###≈(..≈≈..≈..
.#####....##≈≈()≈..≈..≈.
.##...##..##≈≈.oow.≈⌠.≈.
..........##≈≈(o@≈.⌠≈..≈
#.........##≈≈≈^.≈..≈..≈
##.........##≈≈≈..≈..≈≈.
#.##.####.####.≈.)≈.....
.# #.# #.# #..≈≈......
####.# ##.####).........
##...###................
#.....##..............##
..........###..#.####.#
#.....##..# #.$#.# #.#
##...###..# #..#.# #.#


You could see a worm, an orc wizard and 2 orcs.

Vanquished Creatures
  An orc priest (D:4)
  Jessica (D:3)
  An orc wizard (D:4)
  An adder (D:3)
  An ooze (D:4)
  3 dart slugs
  A leopard gecko (D:2)
  6 orcs
  2 giant cockroaches
  6 goblins
  4 hobgoblins
  10 jackals
  2 quokkas
  5 bats
  4 frilled lizards
  2 gnoll zombies (D:3)
  9 kobolds
  5 rats
64 creatures vanquished.

Vanquished Creatures (others)
  An orc (D:4)
1 creature vanquished.

Grand Total: 65 creatures vanquished

Notes
Turn   | Place    | Note
-------+----------+-------------------------------------------
     0 | Abyss:1  | bli the Merfolk Abyssal Knight began the quest for the Orb.
     0 | Abyss:1  | Reached XP level 1. HP: 18/18 MP: 2/2
    66 | Abyss:2  | Noticed a small abomination
    74 | D:1      | Escaped the Abyss
   163 | D:1      | Reached * piety under Lugonu
   265 | D:1      | Reached XP level 2. HP: 25/25 MP: 3/3
   635 | D:1      | Reached XP level 3. HP: 30/30 MP: 4/4
   943 | D:2      | Found Zin's Purification Station.
   959 | D:2      | Found a glowing silver altar of Zin.
  1147 | D:2      | Found a sparkling altar of Nemelex Xobeh.
  1176 | D:2      | Found a burning altar of Makhleb.
  1602 | D:3      | Noticed Jessica
  1668 | D:3      | Killed Jessica
  1668 | D:3      | Reached ** piety under Lugonu
  1668 | D:3      | Reached skill level 1 in Armour
  1668 | D:3      | Reached XP level 4. HP: 25/38 MP: 5/5
  1915 | D:3      | Found an ornate altar of the Wu Jian Council.
  2155 | D:3      | Found a basalt altar of Yredelemnul.
  2455 | D:4      | Found a blossoming altar of Fedhas.
  2610 | D:4      | Reached skill level 5 in Polearms
  2610 | D:4      | Reached XP level 5. HP: 26/43 MP: 6/6
  2649 | D:4      | Reached skill level 5 in Fighting
  2651 | D:4      | Slain by an orc

Vault maps used:
D:1:      lightli_arrival_quake
D:2:      lemuel_doored_altar, zin_purify, marbit_many_paths
D:3:      lemuel_zombie_altar_yredelemnul, lemuel_round_altar, first_ration,
          solitary_fountain, uniq_jessica
D:4:      cheibrodos_helix_gallery, nicolae_overflow_hidden_temple,
          minmay_temple_entry_gardened_gates

Skill      XL: |  1  2  3  4  5 |
---------------+----------------+-----
Fighting       | 4 5 |  5.0
Polearms       | 4 5 |  5.3
Armour         | 1 |  1.0
Dodging        | 3 |  3.3
Throwing       | |  0.1
Invocations    | |  2.0

Action                   |  1- 3 |  4- 6 || total
-------------------------+-------+-------++-------
Melee: Spear             |   140 |   112 ||   252
       Tailslap          |       |     2 ||     2
Throw: Stone             |     7 |    10 ||    17
Invok: Depart the Abyss  |     1 |       ||     1
 Stab: Sleeping          |     4 |       ||     4
  Eat: Chunk             |     2 |     3 ||     5
Armor: Leather armour    |    25 |    20 ||    45
Dodge: Dodged            |    60 |    65 ||   125

Table legend:
 A = Non-vault XP
 B = Vault XP
 C = Vault XP percentage of total XP
 D = Non-vault monster count
 E = Vault monster count
 F = Vault count percentage of total count
                 A         B        C        D         E       F
            +---------+---------+-------+---------+---------+-------
      Total |     144 |      76 |  34.5 |      59 |       5 |   7.8
            +---------+---------+-------+---------+---------+-------
        D:1 |      45 |       0 |   0.0 |      27 |       0 |   0.0
        D:2 |      16 |       1 |   5.9 |       9 |       1 |  10.0
        D:3 |      53 |      39 |  42.4 |      19 |       3 |  13.6
        D:4 |      30 |      36 |  54.5 |       4 |       1 |  20.0
            +---------+---------+-------+---------+---------+-------
